 Dungeon Crawl Stone Soup version 0.27-a0-1232-gc6a4cbde82 (webtiles) character file.

Game seed: 2869317084041616491

50 deletemesenpai the Chopper (level 3, 0/33 (34) HPs)
             Began as a Hill Orc Berserker on June 8, 2021.
             Was a Believer of Trog.
             Slain by Sigmund
             ... wielding a +7 scythe of flaming
              (14 damage)
             ... on level 2 of the Dungeon.
             The game lasted 00:07:43 (1269 turns).

deletemesenpai the Chopper (Hill Orc Berserker)     Turns: 1269, Time: 00:07:43

HP:   0/33 (34)     AC:  3    Str: 20    XL:     3   Next: 79%
MP:   3/3           EV: 11    Int:  7    God:    Trog [**....]
Gold: 109           SH:  0    Dex: 10    Spells: 2/2 levels left

rFire    . . .     SeeInvis .   a - +0 hand axe
rCold    . . .     Faith    .   (no shield)
rNeg     . . .     Spirit   .   b - +0 animal skin
rPois    .         Reflect  .   l - +0 helmet
rElec    .         Harm     .   (no cloak)
rCorr    .         Rampage  .   (no gloves)
Will     .....                  (no boots)
Stlth    +.........             (no amulet)
HPRegen  0.11/turn              (no ring)
MPRegen  0.08/turn              (no ring)

@: lightly drained
A: no striking features
a: Renounce Religion, Berserk, Trog's Hand


You were on level 2 of the Dungeon.
You worshipped Trog.
Trog was pleased with you.
You visited 1 branch of the dungeon, and saw 2 of its levels.

You collected 109 gold pieces.

Inventory:

Hand Weapons
 a - a +0 hand axe (weapon)
 f - a +2 dagger of draining
 j - a +0 dagger of holy wrath
 k - a +1 whip of draining
Armour
 b - a +0 animal skin (worn)
 l - a +0 helmet (worn)
Scrolls
 c - a scroll of teleportation {unknown}
Potions
 d - a potion of cancellation {unknown}
 e - a potion of degeneration {unknown}
 g - a potion of curing {unknown}
 h - a potion of heal wounds {unknown}
 i - a potion of might {unknown}
 m - a potion of berserk rage {unknown}


   Skills:
 + Level 4.3 Fighting
 + Level 5.1 Axes
 * Level 2.7 Armour
 - Level 1.5 Dodging


You had 2 spell levels left.
You didn't know any spells.
Your spell library was empty.

Dungeon Overview and Level Annotations

Branches:
Dungeon (2/15)

Altars:

Shops:
D:1 [   D:2 [

Annotations:
D:2 Sigmund


Message History

You hit the goblin.
You kill the goblin!
Trog accepts your kill.
You see here a +0 dagger.
A ball python comes into view.
The ball python hisses angrily.
The ball python barely misses you. The ball python closely misses you.
You slash the ball python!
You kill the ball python!
Trog accepts your kill.
Found an escape hatch in the ceiling.
A ball python comes into view.
Found Feru's Antique Armour Shoppe.
The ball python hisses angrily.
The ball python closely misses you. x2
You hit the ball python.
You kill the ball python!
Trog accepts your kill.
There is an entrance to Feru's Antique Armour Shoppe here.
Found a stone staircase leading up.
m - a fuming amethyst potion
There are no items here.
There is an open door here.
Found 13 poisoned darts.
Sigmund the Dreaded comes into view.
He is wielding a +7 scythe of flaming.
Sigmund is nearby!
Sigmund shouts!
Sigmund points at you and mumbles some strange words.
You resist with significant effort.
A rat comes into view.
Sigmund casts a spell at you. The magic dart hits you.
You hit Sigmund but do no damage. Sigmund closely misses you.
You barely miss Sigmund.
Sigmund hits you with a +7 scythe of flaming!
Sigmund burns you. Sigmund misses you.
You hit Sigmund but do no damage.
Sigmund screams, "Die, monster!"
Sigmund hits you with a +7 scythe of flaming!
You die...

#...# ######...#
#........# ##
#.####...# .#
#.##.'<..###+####.#
#.##.#...#......#.#
.....#..........#r#
######...#......#@#
.........#......@.#
#####.####........# #.
#.......##.#
#####.######........#
......................
.......#####.#...##.#.#
....## #.#...# .# .
...... #.#...# # ....##
#.#...#


You could see Sigmund and a rat.

Vanquished Creatures
  Robin (D:2)
  A dart slug (D:1)
  3 bats
  2 endoplasms (D:1)
  4 giant cockroaches
  10 goblins
  2 hobgoblins
  A quokka (D:1)
  2 ball pythons (D:2)
  2 frilled lizards (D:2)
  3 kobolds (D:1)
  2 rats (D:1)
33 creatures vanquished.

Notes
Turn   | Place    | Note
-------+----------+-------------------------------------------
     0 | D:1      | deletemesenpai the Hill Orc Berserker began the quest for
                  | the Orb.
     0 | D:1      | Reached XP level 1. HP: 19/19 MP: 1/1
    62 | D:1      | Reached XP level 2. HP: 26/27 MP: 2/2
   311 | D:1      | Found Wargh's Antique Armour Shop.
   430 | D:1      | Found a faded altar of an unknown god.
   683 | D:2      | Reached XP level 3. HP: 30/33 MP: 3/3
   827 | D:2      | Noticed Robin
   831 | D:2      | Reached ** piety under Trog
   841 | D:2      | Killed Robin
   842 | D:2      | Reached skill level 5 in Axes
  1208 | D:2      | Found Feru's Antique Armour Shoppe.
  1262 | D:2      | Noticed Sigmund
  1269 | D:2      | Slain by Sigmund

Illustrated notes

Levels and vault maps discovered:
D:1:      shiori_arrival_oz, layout_rooms, serial_shops, nicolae_shop_trees,
          chequers_ecumenical_altar_island, amcnicky_mini_rare_corridor_liquid
D:2:      layout_basic, serial_shops, shop, kennysheep_cluttered_room,
          st_stairs_8, uniq_robin, uniq_sigmund

Skill      XL: |  1  2  3 |
---------------+----------+-----
Fighting       | 4 |  4.3
Axes           | 5 |  5.1
Armour         | |  2.7
Dodging        | |  1.5

Action                   || total
-------------------------++-------
Melee: Hand axe          ||    81
Invok: Berserk           ||     1
Armor: Animal skin       ||    20
Dodge: Dodged            ||    67

Table legend: (Time is in decaauts)
 A = Elapsed time spent in this place.
 B = Non-inter-level travel time spent in this place.
 C = Inter-level travel time spent in this place.
 D = Time resting spent in this place.
 E = Time spent auto-exploring this place.
 F = Levels seen in this place.
 G = Mean time per level.
                   A        B        C        D        E       F      G
               +--------+--------+--------+--------+--------+-----+--------+
         Total |   1287 |   1265 |     22 |    273 |    443 |   2 |  643.5 |
       Dungeon |   1287 |   1265 |     22 |    273 |    443 |   2 |  643.5 |
               +--------+--------+--------+--------+--------+-----+--------+

Top non-repeatable levels by time:
     D:1: 677 daAuts
     D:2: 609 daAuts
